 Dungeon Sprint DCSS version 0.31-a0-370-g25055926c8 (webtiles) character file.

Game seed: 1328322445960562793

9804 Conn the Thaumaturge (level 11, -1/78 HPs)
             Began as an Octopode Fire Elementalist on July 29, 2023.
             Was a High Priest of Sif Muna.
             Slain by a demonic crawler (15 damage)
             ... in the Dungeon (Sprint IV: "Fedhas' Mad Dash").
             The game lasted 00:35:23 (3572 turns).

Conn the Thaumaturge (Octopode Fire Elementalist)   Turns: 3572, Time: 00:35:34

Health: -1/78      AC:  1    Str:  8 (9)  XL:     11   Next: 52%
Magic:  0/29       EV: 14    Int: 21      God:    Sif Muna [*****.]
Gold:   27         SH:  5    Dex: 14 (15) Spells: 3/38 levels left

rFire   . . .        f - +8 war axe of Uskayaw's Approval {elec, rC+ rCorr Dex+3 Stlth+}
rCold   + . .        i - +0 buckler
rNeg    . . .        (helmet restricted)
rPois   .            g - amulet of invisibility {+Inv}
rElec   .            l - ring of flight
rCorr   +            (no ring)
SInv    .            (no ring)
Will    .....        (no ring)
Stlth   +++++        (no ring)
HPRegen 0.33/turn    (no ring)
MPRegen 0.21/turn    (no ring)
                     (no ring)

%: no teleportation
@: forested, flying, hasted, very quick
A: almost no armour, amphibious, 8 rings, camouflage 1, gelatinous body 1,
(nimble swimmer 1), tentacles
a: Renounce Religion, Evoke Invisibility, Channel Magic, Forget Spell, Divine
Exegesis


You were in the Dungeon.
You worshipped Sif Muna.
Sif Muna was extremely pleased with you.
You visited 1 branch You collected 450 gold pieces.
You spent 423 gold pieces at shops.

Inventory:

Hand Weapons
 e - the +13 scythe of Curses {drain, curses, Drain}
   (You found it in the Dungeon)

   Drain:     It drains your maximum health when unequipped.
 f - the +8 war axe of Uskayaw's Approval (weapon) {elec, rC+ rCorr Dex+3 Stlth+}
   (You took it off a spriggan in the Dungeon)

   Dex:       It affects your dexterity (+3).
   rC:        It protects you from cold.
   rCorr:     It protects you from acid and corrosion.
   Stlth:     It makes you more stealthy.
 j - a +4 broad axe of holy wrath
 k - the +8 storm bow {elec, penet}
   (You took it off a spriggan in the Dungeon)
Armour
 i - a +0 buckler (worn)
Jewellery
 g - the amulet of invisibility (around mantle) {+Inv}
   (You found it in the Dungeon)

   [amulet of nothing]

   +Inv:      It lets you turn invisible.
 l - a ring of flight (left tentacle)
 o - the amulet of Boil {Contam Regen+ Str+4}
   (You took it off a spriggan berserker in the Dungeon)

   [amulet of regeneration]

   Str:       It affects your strength (+4).
   Contam:    It causes magical contamination when unequipped.
   Regen:     It increases your rate of health regeneration.
Wands
 c - a wand of iceblast (3)
 d - a wand of charming (6)
Scrolls
 h - a scroll of fog
Potions
 a - 2 potions of magic
 b - 2 potions of curing


   Skills:
 - Level 8.5 Fighting
 * Level 5.0 Ranged Weapons
 - Level 4.6 Dodging
 - Level 5.4 Stealth
 - Level 5.4 Shields
 - Level 1.2 Unarmed Combat
 - Level 14.4 Spellcasting
 - Level 8.6 Conjurations
 - Level 2.6 Hexes
 * Level 3.5 Summonings
 - Level 5.0 Translocations
 - Level 12.4 Fire Magic
 - Level 6.7 Ice Magic
 - Level 8.6 Invocations
 - Level 6.0 Evocations


You had 3 spell levels left.
You knew the following spells:

 Your Spells              Type           Power      Damage    Failure   Level
a - Foxfire               Conj/Fire      100%       2x1d9     1%          1
b - Scorch                Fire           100%       2d9       1%          2
c - Inner Flame           Hex/Fire       46%        N/A       1%          3
d - Flame Wave            Conj/Fire      56%        2d13      1%          4
e - Ozocubu's Armour      Ice            43%        N/A       1%          3
f - Blink                 Tloc           72%        N/A       1%          2
g - Fulminant Prism       Conj/Hex       19%        3d10      6%          4
h - Iskenderun's Mystic   Conj/Tloc      43%        2d10      3%          4
i - Stone Arrow           Conj/Erth      66%        3d11      3%          3
j - Summon Forest         Summ/Tloc      16%        N/A       28%         5
k - Summon Lightning Spi  Summ/Air       22%        N/A       28%         4

Your spell library contained the following spells:

 Spells                   Type           Power      Damage    Failure   Level
 Magic Dart               Conj           100%       1d8       1%          1
 Lesser Beckoning         Tloc           72%        N/A       1%          2
 Momentum Strike          Conj/Tloc      86%        3d10      1%          2
 Searing Ray              Conj           100%       2d8       1%          2
 Static Discharge         Conj/Air       66%        2-5/arc   1%          2
 Volatile Blastmotes      Fire/Tloc      100%       2d18      1%          3
 Teleport Other           Tloc           36%        N/A       2%          3
 Ignite Poison            Fire/Tmut/Pois 32%        N/A       3%          3
 Tukima's Dance           Hex            26%        N/A       6%          3
 Swiftness                Air            15%        N/A       19%         3
 Passage of Golubria      Tloc           36%        N/A       8%          4
 Freezing Cloud           Conj/Ice/Air   18%        6-21      21%         5
 Silence                  Hex/Air        10%        N/A       67%         5
 Yara's Violent Unravell  Hex/Tmut       10%        3d6       67%         5
 Lee's Rapid Deconstruct  Erth           7%         3d7*      86%         5
 Eringya's Noxious Bog    Tmut/Pois      7%         4d6       100%        6
 Disjunction              Tloc           18%        N/A       100%        8


Dungeon Overview and Level Annotations

Branches:
Dungeon (1/1)

Altars:
Cheibriados
Dithmenos
Elyvilon
Gozag
Hepliaklqana
Kikubaaqudgha
Makhleb
Nemelex Xobeh
Okawaru
Qazlal
Ru
Sif Muna
Trog
Uskayaw
Vehumet
Wu Jian
Xom
Yredelemnul
Zin
The Shining One
Jiyva
Lugonu

Shops:
D (*[*?****!:

Annotations:
D exclusion: 2 oklob plants


Innate Abilities, Weirdness & Mutations

You cannot wear most types of armour.
You are amphibious.
You can wear up to eight rings at the same time.
Your skin changes colour to match your surroundings (Stealth+).
Your rubbery body absorbs attacks. (AC +1, EV +1)
((You are camouflaged when in or above water. (Stealth+)))
You have tentacles for arms and can constrict up to eight enemies at once.


Message History

You blink.
Found three shops.
Casting: Blink (safe; 1% risk of failure)
Confirm with . or Enter, or press ? or * to list all spells.
The spell is quite dangerous to miscast (28% risk of failure)!
Continue anyway?
A forested plane collides here with a resounding crunch!
Your dryad calls out to the forest.
The forest starts to sway and rumble!
The demonic crawler gives a hideous shriek!
The demonic crawler hits your dryad!
The demonic crawler completely misses your dryad.
The demonic crawler hits your dryad!
You feel you are being watched by something.
You feel your power leaking away.
Casting: Summon Forest (quite dangerous; 28% risk of failure)
Confirm with . or Enter, or press ? or * to list all spells.
An electric hum fills the air.
Unknown command.
You feel stable enough to blink again.
You feel you are being watched by something.
You feel your power leaking away.
Something hits your lightning spire but does no damage. x2
Something stings your lightning spire but does no damage.
Your dryad calls out to the forest.
Vines fly forth from the trees!
You feel you are being watched by something.
Casting: Summon Lightning Spire (dangerous; 28% risk of failure)
Confirm with . or Enter, or press ? or * to list all spells.
Okay, then.
Unknown command.
Unknown command.
Okay, then.
Unknown command.
You feel better.
You feel you are being watched by something.
Something barely misses your lightning spire.
Something hits your lightning spire. Something stings your lightning spire.
The demonic crawler hits you!
* * * LOW HITPOINT WARNING * * *
The demonic crawler hits you!
You die...

#...♣........'...#._._.
#............#...######
#...........######.....
##'####'######..(......
#..#....'.......#...)..
#.(#..###.......#......
♣#####♣♣####♣##########
#.....w................
#∩.Rs8@s.............P.
#∩.....................
♣∩w.......w............
##♣####♣##♣'###########
#P.........#
#.........P#
###......### ###...##
#....


You could see 2 demonic crawlers, a friendly dryad (summoned), 3 friendly
snaplasher vines and a friendly lightning spire (summoned).

Vanquished Creatures
  Agnes (D)
  A spriggan defender (D)
  2 spriggan berserkers (D)
  A spriggan druid (D)
  6 oklob plants (D)
  3 burning bushes (D)
  3 wandering mushrooms (D)
  A queen bee (D)
  6 hornets (D)
  3 scorpions (D)
  4 killer bees (D)
  5 oklob saplings (D)
  7 spriggans (D)
  A river rat (D)
  A rat (D)
  A ballistomycete spore (D)
46 creatures vanquished.

Vanquished Creatures (collateral kills)
  2 foxfires (D)
2 creatures vanquished.

Vanquished Creatures (others)
  A ballistomycete spore (D)
  77 foxfires (D)
  5 fulminant prisms (D)
83 creatures vanquished.

Grand Total: 131 creatures vanquished

Notes
Turn   | Place    | Note
-------+----------+-------------------------------------------
     0 | D        | Conn the Octopode Fire Elementalist began the quest for the
                  | Orb.
     0 | D        | Reached XP level 1. HP: 11/11 MP: 3/3
    13 | D        | Reached XP level 2. HP: 10/17 MP: 0/5
    58 | D        | Learned a level 2 spell: Scorch
    61 | D        | Noticed an oklob sapling
    64 | D        | Noticed a scorpion
    64 | D        | Found the amulet of invisibility {+Inv}
    68 | D        | Killed a scorpion
    69 | D        | Reached skill level 3 in Spellcasting
    69 | D        | Reached XP level 3. HP: 20/21 MP: 0/8
    69 | D        | Reached XP level 4. HP: 26/27 MP: 0/9
   171 | D        | Reached skill level 4 in Spellcasting
   180 | D        | Found an opulent altar of Gozag.
   180 | D        | Found a hazy altar of Hepliaklqana.
   180 | D        | Found a burning altar of Makhleb.
   180 | D        | Found a sparkling altar of Nemelex Xobeh.
   180 | D        | Found a snail-covered altar of Cheibriados.
   180 | D        | Found a sacrificial altar of Ru.
   180 | D        | Found a shimmering blue altar of Sif Muna.
   180 | D        | Found a shimmering altar of Xom.
   180 | D        | Found a basalt altar of Yredelemnul.
   214 | D        | Found a viscous altar of Jiyva.
   214 | D        | Found a bloodstained altar of Trog.
   214 | D        | Found an ornate altar of the Wu Jian Council.
   214 | D        | Noticed an oklob sapling priest
   215 | D        | Found an iron altar of Okawaru.
   215 | D        | Found a glowing silver altar of Zin.
   215 | D        | Found a shadowy altar of Dithmenos.
   216 | D        | Found a hide-covered altar of Uskayaw.
   216 | D        | Found an ancient bone altar of Kikubaaqudgha.
   217 | D        | Found a glowing golden altar of the Shining One.
   217 | D        | Found a stormy altar of Qazlal.
   217 | D        | Found a white marble altar of Elyvilon.
   218 | D        | Found a radiant altar of Vehumet.
   218 | D        | Found a corrupted altar of Lugonu.
   220 | D        | Became a worshipper of Sif Muna the Loreminder
   222 | D        | Killed an oklob sapling priest
   223 | D        | Reached skill level 5 in Stealth
   223 | D        | Reached skill level 1 in Unarmed Combat
   223 | D        | Reached skill level 1 in Evocations
   223 | D        | Reached XP level 5. HP: 31/31 MP: 7/12
   264 | D        | Learned a level 3 spell: Inner Flame
   269 | D        | Learned a level 4 spell: Flame Wave
   279 | D        | Reached skill level 5 in Spellcasting
   341 | D        | Reached * piety under Sif Muna
   342 | D        | Reached skill level 6 in Spellcasting
   342 | D        | Reached XP level 6. HP: 39/39 MP: 8/15
   412 | D        | Found Waoddiez's Magic Scroll Shop.
   412 | D        | Found Gixkei Lotu's General Store.
   424 | D        | Noticed a burning bush
   424 | D        | Noticed a wandering mushroom
   425 | D        | Noticed a wandering mushroom
   440 | D        | Killed a wandering mushroom
   440 | D        | Reached ** piety under Sif Muna
   441 | D        | Reached skill level 7 in Spellcasting
   441 | D        | Reached XP level 7. HP: 46/46 MP: 10/18
   446 | D        | Killed a wandering mushroom
   447 | D        | Reached skill level 8 in Spellcasting
   829 | D        | Killed a burning bush
   830 | D        | Reached skill level 9 in Spellcasting
   830 | D        | Reached skill level 5 in Conjurations
   830 | D        | Reached skill level 10 in Fire Magic
   830 | D        | Reached skill level 5 in Invocations
   830 | D        | Reached XP level 8. HP: 27/54 MP: 4/21
   929 | D        | Found Oxzifirch's Assorted Antiques.
   929 | D        | Found Cyenk's Assorted Antiques.
   933 | D        | Got Sif Muna's Disquisition on the Toxic Snowflakes
   938 | D        | Learned a level 3 spell: Ozocubu's Armour
  1003 | D        | Noticed a queen bee
  1006 | D        | Reached *** piety under Sif Muna
  1010 | D        | Killed a queen bee
  1011 | D        | Reached skill level 5 in Fighting
  1011 | D        | Reached skill level 1 in Shields
  1011 | D        | Reached skill level 1 in Ice Magic
  1013 | D        | Reached skill level 10 in Spellcasting
  1017 | D        | Reached **** piety under Sif Muna
  1123 | D        | Noticed an oklob plant
  1131 | D        | Killed an oklob plant
  1132 | D        | Reached XP level 9. HP: 61/61 MP: 7/23
  1144 | D        | Noticed a burning bush
  1283 | D        | Killed a burning bush
  1297 | D        | Learned a level 2 spell: Blink
  1378 | D        | Noticed a burning bush
  1378 | D        | Noticed an oklob plant
  1388 | D        | Killed a burning bush
  1389 | D        | Reached skill level 11 in Spellcasting
  1484 | D        | Noticed a wandering mushroom
  1496 | D        | Killed a wandering mushroom
  1497 | D        | Reached skill level 1 in Translocations
  1501 | D        | Killed an oklob plant
  1501 | D        | Reached ***** piety under Sif Muna
  1502 | D        | Reached skill level 5 in Evocations
  1637 | D        | Received a gift from Sif Muna
  1646 | D        | Learned a level 4 spell: Fulminant Prism
  1713 | D        | Noticed a spriggan druid
  1721 | D        | Killed a spriggan druid
  1722 | D        | Reached skill level 12 in Spellcasting
  1722 | D        | Reached XP level 10. HP: 69/69 MP: 4/26
  1734 | D        | Reached skill level 1 in Hexes
  1863 | D        | Noticed an oklob plant conjurer
  2010 | D        | Killed an oklob plant conjurer
  2102 | D        | Noticed an oklob plant
  2102 | D        | Noticed an oklob plant summoner
  2114 | D        | Killed an oklob plant
  2115 | D        | Reached skill level 5 in Shields
  2154 | D        | Noticed an oklob plant shifter
  2161 | D        | Killed an oklob plant summoner
  2161 | D        | Received a gift from Sif Muna
  2162 | D        | Reached skill level 5 in Ice Magic
  2297 | D        | Killed an oklob plant shifter
  2310 | D        | Got Sif Muna's Catalogue of the Displaced Anticline {god
                  | gift}
  2318 | D        | Learned a level 4 spell: Iskenderun's Mystic Blast
  2330 | D        | Learned a level 3 spell: Stone Arrow
  2331 | D        | Noticed a demonic crawler
  2571 | D        | Noticed a spriggan rider
  2579 | D        | Reached skill level 13 in Spellcasting
  2579 | D        | Found Ziuvo's Distillery.
  2585 | D        | Found Keniewnyr's Book Shoppe.
  2617 | D        | Learned a level 5 spell: Summon Forest
  2618 | D        | Noticed a spriggan rider
  2720 | D        | Found the +13 scythe of Curses {drain, curses, Drain}
  2744 | D        | Noticed Agnes
  2782 | D        | Found Atsofit's Assorted Antiques.
  2784 | D        | Noticed a spriggan berserker
  2789 | D        | Killed a spriggan berserker
  2790 | D        | Reached skill level 1 in Summonings
  2790 | D        | Reached XP level 11. HP: 77/77 MP: 8/28
  2795 | D        | Noticed a spriggan defender
  2799 | D        | Killed Agnes
  2800 | D        | Reached skill level 14 in Spellcasting
  2800 | D        | Killed a spriggan defender
  2800 | D        | Received a gift from Sif Muna
  2801 | D        | Got Sif Muna's Folio of the Welkin {god gift}
  3018 | D        | Bought a blackened glass wand for 80 gold pieces
  3020 | D        | Bought 2 potions of curing for 156 gold pieces
  3072 | D        | Identified the +8 war axe of Uskayaw's Approval {elec, rC+
                  | rCorr Dex+3 Stlth+}
  3072 | D        | Noticed a spriggan rider
  3085 | D        | Killed a spriggan rider
  3086 | D        | Reached skill level 5 in Translocations
  3291 | D        | Found Ceavut's General Store.
  3312 | D        | Bought a potion of haste for 170 gold pieces
  3312 | D        | Bought a scroll labelled FABLOQ HOHUCETH for 17 gold pieces
  3345 | D        | Identified the amulet of Boil {Contam Regen+ Str+4}
  3345 | D        | Noticed a spriggan berserker
  3357 | D        | Killed a spriggan berserker
  3358 | D        | Reached skill level 5 in Ranged Weapons
  3506 | D        | Learned a level 4 spell: Summon Lightning Spire
  3542 | D        | HP: 3/78 [demonic crawler (4)]
  3563 | D        | Noticed an oklob plant shifter
  3563 | D        | Noticed an oklob plant meteorologist
  3565 | D        | Noticed a demonic crawler
  3568 | D        | Found Qolene's Assorted Antiques.
  3568 | D        | Found Doqanofu's Antique Armour Emporium.
  3568 | D        | Found Bammeyj's Weapon Shoppe.
  3572 | D        | Slain by a demonic crawler

Illustrated notes

Levels and vault maps discovered:
D:        dungeon_sprint_fedhas [sprint_temple]

Skill      XL: |  1  2  3  4  5  6  7  8  9 10 11 |
---------------+----------------------------------+-----
Stealth        | 3 4 5 |  5.4
Fire Magic     | 4 6 7 8 9 10 11 12 | 12.4
Dodging        | 3 4 |  4.6
Spellcasting   | 3 4 6 7 9 10 12 13 14 | 14.4
Unarmed Combat | 1 |  1.2
Conjurations   | 2 3 4 5 6 7 8 |  8.6
Evocations     | 1 2 3 4 5 6 |  6.0
Fighting       | 2 3 4 5 6 7 8 |  8.5
Invocations    | 2 3 5 6 7 8 |  8.6
Shields        | 2 4 5 |  5.4
Ice Magic      | 2 4 5 6 |  6.7
Translocations | 2 4 5 |  5.0
Hexes          | 2 |  2.6
Summonings     | 1 3 |  3.5
Ranged Weapons | 5 |  5.0

Action                     |  1- 3 |  4- 6 |  7- 9 | 10-12 || total
---------------------------+-------+-------+-------+-------++-------
  Melee: Unarmed           |     5 |       |       |       ||     5
         Constrict         |     2 |       |       |       ||     2
   Cast: Foxfire           |     3 |     3 |     8 |    29 ||    43
         Scorch            |     2 |    15 |    74 |    26 ||   117
         Inner Flame       |       |     2 |     5 |     5 ||    12
         Flame Wave        |       |     2 |     4 |    13 ||    19
         Iskenderun's Myst |       |       |       |    11 ||    11
         Blink             |       |       |       |     8 ||     8
         Fulminant Prism   |       |       |       |     5 ||     5
         Ozocubu's Armour  |       |       |       |     3 ||     3
         Stone Arrow       |       |       |       |     2 ||     2
         Summon Lightning  |       |       |       |     3 ||     3
         Summon Forest     |       |       |       |     2 ||     2
 Invoke: Channel Magic     |       |     1 |       |     4 ||     5
Ability: Evoke Invisibilit |       |     5 |     6 |     4 ||    15
  Evoke: Wand              |       |       |       |     4 ||     4
    Use: Potion            |     1 |       |     1 |     6 ||     8
         Scroll            |       |       |       |     4 ||     4
 Armour: Skin              |       |     1 |       |     7 ||     8
  Dodge: Dodged            |     5 |     2 |     7 |    23 ||    37
  Block: Buckler           |       |       |       |     7 ||     7

Table legend: (Time is in decaauts)
 A = Elapsed time spent in this place.
 B = Non-inter-level travel time spent in this place.
 C = Inter-level travel time spent in this place.
 D = Time resting spent in this place.
 E = Time spent auto-exploring this place.
 F = Levels seen in this place.
 G = Mean time per level.
                   A        B        C        D        E       F      G
               +--------+--------+--------+--------+--------+-----+--------+
         Total |   3551 |   3551 |      0 |   2316 |     17 |   1 | 3551.0 |
       Dungeon |   3551 |   3551 |      0 |   2316 |     17 |   1 | 3551.0 |
               +--------+--------+--------+--------+--------+-----+--------+

Top non-repeatable levels by time:
       D: 3551 daAuts
